Map: Ascension to Aiur LE

Players

Yata - Winner!

  • Race: Zerg Zerg
  • League: Gold
  • Spawn Location: 5:00

curtdigger

  • Race: Protoss Protoss
  • League: Gold
  • Spawn Location: 11:00

VOD

Have the link to the VOD?

Description

Time

  • Played on: Sept. 9, 2017, 3:07 p.m.
  • Length: 23:49
Show
View Real Time Build Order
Export as new Build Order

Yata Zerg - Winner!

Build Orders: Hatch First 

Get SALT Encoding   

  12  0:00  Drone  
  13  0:12  Overlord  
  13  0:17  Drone  
  14  0:30  Drone x2  
  14  0:34  Drone  
  17  1:02  Drone  
  17  1:03  Drone  
  19  1:09  Hatchery  
  18  1:20  Extractor  
  18  1:22  Drone x2, Spawning Pool  
  18  1:28  Drone  
  19  1:46  Overlord  
  19  1:52  Drone  
  20  2:03  Drone  
  21  2:16  Drone  
  21  2:19  Queen  
  21  2:20  Metabolic Boost  
  21  2:21  Queen  
  26  2:23  Zergling x4  
  28  2:31  Drone  
  29  2:48  Drone x3  
  32  2:53  Overlord  
  32  2:54  Overlord  
  32  3:07  Extractor  
  32  3:09  Baneling Nest  
  30  3:23  Pneumatized Carapace  
  30  3:24  Drone x4  
  34  3:31  Spore Crawler x2  
  34  3:32  Drone x2  
  34  3:42  Evolution Chamber  
  33  3:51  Zergling x2  
  33  3:52  Zergling x10  
  39  4:00  Queen  
  39  4:01  Drone x2  
  43  4:05  Overlord  
  43  4:06  Overlord  
  43  4:18  Zerg Melee Weapons Level 1  
  43  4:32  Baneling x3  
  43  4:33  Baneling  
  43  4:39  Drone  
  43  4:40  Drone x2  
  46  4:48  Queen  
  46  4:52  Zergling x6  
  51  4:53  Zergling x4, Hatchery  
  51  5:02  Zergling x6  
  51  5:03  Zergling x4  
  49  5:19  Zergling x4  
  49  5:20  Zergling x10  
  33  5:46  Zergling x12  
  36  5:50  Zergling x2  
  33  6:04  Zergling x4, Spine Crawler  
  21  6:43  Drone  
  22  7:05  Drone  
  23  7:12  Drone  
  24  7:16  Drone  
  25  7:24  Drone  
  22  7:53  Drone x3  
  22  7:54  Drone x3  
  25  8:13  Drone x5  
  29  8:22  Drone x2  
  29  8:27  Drone x2  
  32  8:34  Drone x2  
  35  8:40  Zergling x6  
  38  8:43  Drone  
  39  8:52  Drone x4  
  39  9:03  Zergling x8  
  43  9:23  Zergling x4  
  43  9:31  Zerg Ground Armor Level 1  
  43  9:32  Hatchery  
  43  9:37  Drone  
  43  9:38  Drone x4  
  47  9:51  Zergling x8  
  47  9:52  Zergling x8  
  46  10:14  Zergling x2  
  46  10:15  Zergling x10  
  46  10:18  Drone  
  46  10:20  Overlord x3  
  50  10:44  Baneling x3  
  50  10:45  Zergling x2  
  50  10:46  Zergling x6  
  51  11:20  Hatchery  
  51  11:22  Zergling x6  
  51  11:23  Zergling x4  
  51  11:26  Drone  
  51  11:29  Hatchery  
  51  11:30  Queen  
  53  11:38  Zergling x6  
  56  11:40  Baneling x4  
  56  12:00  Zergling x14  
  56  12:01  Zergling x2  
  64  12:03  Baneling x3  
  64  12:12  Drone x3  
  67  12:17  Lair  
  67  12:32  Spine Crawler  
  67  12:33  Queen  
  67  12:34  Drone x2  
  67  12:35  Drone x3  
  73  12:39  Drone x2  
  73  12:40  Drone  
  73  12:43  Drone  
  77  13:04  Drone x2  
  77  13:05  Drone x7  
  84  13:06  Drone  
  84  13:09  Overlord x2  
  87  13:19  Hydralisk Den  
  86  13:21  Zerg Missile Weapons Level 1  
  86  13:23  Drone  
  87  13:33  Queen  
  89  13:34  Queen  
  91  13:48  Hatchery  
  91  13:50  Muscular Augments  
  90  13:55  Evolution Chamber  
  90  13:59  Drone x3  
  90  14:00  Drone  
  93  14:09  Queen  
  95  14:13  Overlord  
  95  14:14  Overlord x4  
  95  14:17  Spore Crawler  
  94  14:22  Overlord x3  
  94  14:23  Overlord  
  94  14:31  Queen  
  94  14:34  Hydralisk x11  
  118  14:40  Zerg Ground Armor Level 2  
  118  14:45  Queen  
  120  14:48  Infestation Pit  
  119  14:55  Hydralisk  
  119  14:56  Hydralisk  
  119  14:58  Overlord  
  119  14:59  Zergling x12  
  130  15:00  Zergling x14  
  130  15:01  Zergling x2  
  137  15:07  Overseer  
  137  15:15  Overseer  
  137  15:19  Extractor  
  136  15:21  Extractor  
  136  15:28  Queen  
  135  15:33  Drone x3  
  135  15:34  Drone x13  
  153  15:36  Overlord  
  153  15:39  Extractor, Hydralisk  
  153  15:40  Hydralisk  
  156  15:45  Extractor  
  155  15:51  Hydralisk  
  155  15:54  Overlord  
  157  16:01  Extractor  
  157  16:02  Extractor  
  155  16:11  Drone  
  155  16:12  Drone x6  
  155  16:13  Drone  
  155  16:15  Hydralisk x3  
  155  16:16  Hydralisk  
  171  16:31  Hydralisk x3  
  164  16:56  Hydralisk  
  164  16:57  Hydralisk x5  
  160  17:01  Zergling x2  
  160  17:02  Zergling x22  
  160  17:06  Hatchery  
  167  17:10  Zergling x2  
  167  17:11  Zergling x6  
  171  17:18  Zerg Missile Weapons Level 2  
  171  17:20  Hydralisk x2  
  175  17:27  Hydralisk  
  177  17:34  Hydralisk x2  
  181  17:44  Hive  
  181  17:56  Hatchery  
  180  18:14  Zerg Melee Weapons Level 2  
  180  18:16  Centrifical Hooks  
  180  18:18  Hydralisk  
  180  18:19  Hydralisk x4  
  190  18:23  Zergling x2  
  190  18:24  Zergling x16  
  199  18:30  Lurker Den  
  174  18:42  Queen  
  174  18:43  Hydralisk  
  174  18:44  Hydralisk x4  
  174  18:45  Hydralisk  
  166  18:52  Zergling x2  
  166  18:53  Zergling x46  
  166  18:54  Zergling x2  
  189  19:04  Drone x2  
  189  19:07  Hydralisk x4  
  199  19:25  Baneling x4  
  199  19:26  Baneling x7  
  199  19:51  Zergling x18  
  199  19:52  Zergling x10  
  199  19:55  Hydralisk  
  198  20:05  Drone x5  
  198  20:06  Drone x5  
  183  20:24  Hydralisk  
  183  20:25  Hydralisk x7  
  197  20:32  Zerg Ground Armor Level 3, Zerg Missile Weapons Level 3  
  195  20:37  Hydralisk  
  195  20:39  Zergling x6  
  199  20:51  Pathogen Glands  
  199  21:08  Zergling x8  
  191  21:20  Zergling x18  
  194  21:56  Zergling x2  
  194  21:57  Zergling x10  
  199  22:05  Adrenal Glands  
  197  22:13  Hydralisk  
  197  22:14  Hydralisk  
  198  22:27  Ultralisk Cavern  
  197  22:32  Zergling x4  
  199  22:52  Hatchery  
  183  23:29  Zergling x10, Hatchery  
  183  23:30  Zergling x14  
  183  23:31  Zergling x4  
Show
View Real Time Build Order
Export as new Build Order

curtdigger Protoss 

Build Orders:  

Get SALT Encoding   

  12  0:03  Probe (Chrono Boost)  
  13  0:13  Probe (Chrono Boost)  
  14  0:20  Pylon  
  14  0:24  Probe (Chrono Boost)  
  15  0:39  Probe (Chrono Boost)  
  15  0:40  Gateway  
  16  0:46  Assimilator  
  16  0:49  Probe (Chrono Boost)  
  17  1:00  Probe (Chrono Boost)  
  18  1:10  Probe (Chrono Boost)  
  19  1:19  Gateway  
  19  1:30  Cybernetics Core  
  19  1:34  Assimilator  
  19  1:39  Probe (Chrono Boost)  
  20  1:41  Zealot  
  22  1:48  Pylon  
  22  1:49  Probe (Chrono Boost)  
  23  2:07  Warp Gate (Chrono Boost), Probe (Chrono Boost)  
  24  2:08  Stalker  
  26  2:20  Gateway  
  26  2:26  Stalker  
  28  2:36  Pylon  
  28  2:47  Probe (Chrono Boost)  
  29  2:57  Twilight Council, Probe (Chrono Boost)  
  30  3:09  Pylon  
  30  3:12  Stalker  
  32  3:17  Stalker  
  34  3:28  Pylon  
  34  3:34  Stalker  
  36  3:42  Gateway  
  36  3:49  Mothership Core  
  38  4:04  Blink (Chrono Boost)  
  38  4:10  Zealot  
  38  4:11  Zealot  
  42  4:24  Sentry  
  44  4:39  Stalker  
  44  4:40  Stalker  
  44  4:44  Adept  
  50  4:52  Pylon  
  50  4:56  Probe  
  47  5:19  Adept x4  
  39  6:02  Adept x4  
  43  6:09  Nexus  
  29  6:40  Charge (Chrono Boost)  
  29  6:48  Gateway  
  29  6:50  Gateway  
  29  6:52  Forge  
  29  6:54  Probe  
  30  7:08  Zealot x3  
  36  7:11  Zealot  
  38  7:16  Probe  
  39  7:24  Probe  
  38  7:36  Zealot  
  38  7:55  Zealot x3  
  38  7:56  Zealot  
  43  8:06  Sentry x2  
  47  8:23  Probe  
  47  8:24  Probe  
  49  8:35  Probe x2  
  49  8:40  Zealot  
  49  8:41  Zealot  
  55  8:47  Adept, Probe  
  58  8:51  Probe  
  59  8:59  Probe  
  60  9:09  Zealot x3  
  52  9:32  Zealot x2  
  52  9:33  Zealot x2  
  52  9:34  Probe  
  52  9:36  Probe  
  62  9:44  Assimilator  
  58  10:19  Zealot x6  
  68  10:34  Nexus  
  60  10:49  Probe  
  60  10:50  Probe  
  60  10:56  Zealot x6  
  64  11:03  Pylon  
  62  11:10  Assimilator  
  50  11:29  Stargate  
  50  11:31  Probe  
  50  11:32  Stargate, Photon Cannon  
  50  11:33  Probe  
  50  11:39  Protoss Ground Weapons Level 1  
  52  11:42  Probe  
  53  11:49  Probe  
  53  11:50  Probe  
  53  11:52  Probe  
  56  11:59  Probe  
  57  12:04  Pylon  
  57  12:06  Gateway  
  57  12:07  Gateway  
  57  12:14  Stalker  
  57  12:15  Stalker  
  61  12:26  Void Ray (Chrono Boost)  
  65  12:34  Probe x2  
  65  12:35  Probe  
  65  12:36  Gateway  
  68  12:44  Stalker  
  68  12:47  Sentry x3  
  76  12:52  Phoenix (Chrono Boost)  
  78  12:59  Probe x2  
  78  13:00  Probe  
  81  13:07  Assimilator  
  81  13:19  Phoenix (Chrono Boost)  
  85  13:20  Assimilator, Phoenix (Chrono Boost)  
  85  13:45  Stalker  
  85  13:46  Stalker x2  
  91  13:51  Void Ray (Chrono Boost)  
  91  13:52  Void Ray (Chrono Boost)  
  99  14:04  Nexus  
  99  14:10  Probe  
  99  14:11  Probe  
  99  14:12  Pylon  
  101  14:24  Photon Cannon  
  101  14:26  Pylon x2  
  101  14:28  Probe  
  101  14:30  Probe x2  
  104  14:37  Protoss Ground Weapons Level 2  
  104  14:39  Probe  
  104  14:42  Probe x2  
  104  14:45  Pylon  
  107  14:55  Robotics Facility  
  107  14:56  Robotics Facility  
  107  15:04  Void Ray x2 (Chrono Boost)  
  107  15:06  Probe  
  115  15:08  Probe x2  
  116  15:34  Photon Cannon  
  116  15:35  Pylon, Assimilator  
  116  15:38  Gateway  
  116  15:39  Assimilator, Gateway  
  116  15:40  Resonating Glaives  
  116  15:43  Gateway  
  116  15:46  Immortal x2  
  124  15:55  Probe  
  124  15:56  Probe x3  
  128  16:05  Void Ray x2 (Chrono Boost)  
  128  16:08  Protoss Air Weapons Level 1  
  136  16:20  Pylon  
  136  16:22  Pylon  
  136  16:24  Pylon  
  136  16:30  Fleet Beacon  
  140  16:40  Immortal x2  
  116  17:01  Zealot  
  116  17:02  Zealot x6  
  116  17:03  Zealot  
  130  17:18  Robotics Bay  
  130  17:22  Immortal (Chrono Boost)  
  138  17:23  Immortal (Chrono Boost)  
  138  17:34  Zealot  
  138  17:35  Zealot x7  
  154  17:43  Protoss Ground Weapons Level 3  
  154  17:55  Nexus  
  154  18:07  Disruptor x2 (Chrono Boost)  
  160  18:18  Nexus  
  160  18:29  Pylon  
  160  18:32  Pylon  
  160  18:35  Assimilator  
  160  18:39  Assimilator  
  140  18:42  Robotics Facility  
  118  19:03  Disruptor x2 (Chrono Boost)  
  125  19:33  Observer (Chrono Boost)  
  125  19:34  Disruptor (Chrono Boost)  
  125  19:35  Observer (Chrono Boost)  
  125  19:38  Pylon  
  129  19:39  Pylon  
  129  19:42  Assimilator  
  129  19:47  Assimilator  
  109  19:55  Zealot  
  109  19:56  Zealot x8  
  109  19:57  Zealot x2  
  66  20:22  Zealot x5  
  66  20:23  Zealot x3  
  39  20:44  Zealot x4  
  39  20:45  Zealot x2  
  46  21:08  Zealot x5  
  34  21:29  Gateway  
  34  21:30  Gateway  
  26  21:33  Zealot  
  26  21:34  Zealot x2, Cybernetics Core  
  25  22:07  Forge  
  15  22:10  Gateway  
  7  22:17  Zealot  
  9  22:27  Zealot  
  9  22:28  Zealot  
  12  22:42  Photon Cannon x2  
  12  22:47  Photon Cannon  
  12  22:50  Photon Cannon  
  12  22:53  Zealot x2  
  16  23:04  Photon Cannon  
  16  23:08  Photon Cannon  
  16  23:12  Zealot  
  18  23:17  Zealot x2  
  19  23:38  Zealot x3  
Tags
 
League
GoldGold
Matchup
PvZ
Replay Pack
Pack 1
Spawn Locations
Cross Positions
Add a new tag
Caveats
  • Supply blocks, unpowered buildings, or Contaminate may cause inaccurate times.
  • Supply counts are checked every 10 seconds.